 Dungeon Crawl Stone Soup version 0.27.1 (webtiles) character file.

Game seed: 10670324113949718510

118 Malachi the Poker (level 4, -2/35 HPs)
             Began as a Demonspawn Monk on Aug 25, 2021.
             Slain by an orc (7 damage)
             ... on level 3 of the Dungeon.
             The game lasted 00:02:38 (2284 turns).

Malachi the Poker (Demonspawn Monk)                 Turns: 2284, Time: 00:02:38

Health: -2/35      AC:  8    Str: 12    XL:     4   Next: 72%
Magic:  4/4        EV:  5    Int: 12    God:
Gold:   68         SH:  5    Dex: 15    Spells: 3/3 levels left

rFire    . . .     SeeInvis .   i - +0 trident
rCold    . . .     Faith    .   g - +1 buckler
rNeg     . . .     Spirit   .   d - +0 chain mail
rPois    +         Reflect  .   (no helmet)
rElec    .         Harm     .   (no cloak)
rCorr    .         Rampage  .   (no gloves)
Will     .....                  (no boots)
Stlth    ..........             (no amulet)
HPRegen  0.11/turn              f - ring of poison resistance
MPRegen  0.18/turn              (no ring)

@: no status effects
A: talons 1, ignite blood 1, magic regeneration
a: no special abilities


You were on level 3 of the Dungeon.
You visited 1 branch of the dungeon, and saw 3 of its levels.

You collected 68 gold pieces.

Inventory:

Hand Weapons
 i - a +0 trident (weapon)
Armour
 b - a +0 robe
 d - a +0 chain mail (worn)
 g - a +1 buckler (worn)
Jewellery
 f - a ring of poison resistance (left hand)
 h - a +6 ring of intelligence
Scrolls
 c - 2 scrolls of identify
 e - a scroll of teleportation
Potions
 j - a potion of mutation {unknown}
 l - 2 potions of curing {unknown}


   Skills:
 - Level 3.3 Fighting
 * Level 4.4 Polearms
 - Level 2.8 Dodging
 - Level 1.8 Stealth
 * Level 1.2 Shields


You had 3 spell levels left.
You didn't know any spells.
Your spell library was empty.

Dungeon Overview and Level Annotations

Branches:
Dungeon (3/15)

Altars:


Innate Abilities, Weirdness & Mutations

You have sharp toenails.
Your demonic aura sometimes causes spilled blood to erupt in flames.
You regenerate magic rapidly.


Message History

You completely miss the adder.
The adder is severely wounded.
You feel sick.
The orc hits you from afar with a +0 trident.
You block the adder's attack.
You are too injured to fight recklessly!
You are too injured to fight recklessly!
You are too injured to fight recklessly!
You closely miss the adder. Your kick misses the adder.
The adder is severely wounded.
You feel sick. The adder bites you.
You are more poisoned.
The adder poisons you! The orc completely misses you.
The adder bites you but does no damage.
You hit the adder.
You kill the adder!
You feel sick.
The orc hits you from afar with a +0 trident.
* * * LOW HITPOINT WARNING * * *
You block the orc's attack.
You feel sick.
You puncture the orc!
You kill the orc!
You feel sick.
Your chain mail prevents you from hitting the orc.
You claw the orc, but do no damage.
You feel sick. The orc hits you but does no damage. x2
You puncture the orc!
You kill the orc!
You feel sick.
The orc hits you from afar with a +0 trident.
* * * LOW HITPOINT WARNING * * *
You feel sick.
You are no longer poisoned.
Reach: i) +0 trident
Press: ? - help, Dir - move target, f - orc
Aim: an orc, wielding a +0 trident and wearing a +0 leather armour (about 40% to evade your +0 trident)
You reach to attack!
You completely miss the orc.
The orc hits you from afar with a +0 trident!
You die...

.)..#)#.#..#.#.#.....#
....##.#....#.##.....#
..(#.##......##.#....#
..#)#..........#.#...#
..##.$..........##...#
.#..†.............#..#
...............†.....#
....†##$###...o.####.###
...#.#### #####.@......#
...(.. #).#####.# ...#.#
#.(#### ...#.#
#.....##.# .. #..
##.##.##.# .. ##
#.......# #.##.##>#
#.#...#.# ########
#.#...#.#


You could see an orc.

Vanquished Creatures
  4 gnolls (D:3)
  2 adders (D:3)
  4 worms (D:2)
  A dart slug (D:1)
  2 orcs (D:3)
  7 bats
  3 endoplasms
  2 goblins
  4 hobgoblins
  3 jackals (D:2)
  2 quokkas (D:3)
  A ball python (D:1)
  6 frilled lizards
  3 kobolds
  6 rats
50 creatures vanquished.

Notes
Turn   | Place    | Note
-------+----------+-------------------------------------------
     0 | D:1      | Malachi the Demonspawn Monk began the quest for the Orb.
     0 | D:1      | Reached XP level 1. HP: 18/18 MP: 1/1
   294 | D:1      | Gained mutation: Your demonic aura sometimes causes spilled
                  | blood to erupt in flames. [demonic ancestry]
   294 | D:1      | Reached XP level 2. HP: 23/24 MP: 2/2
   594 | D:2      | Reached skill level 3 in Polearms
   933 | D:2      | Gained mutation: You regenerate magic rapidly. [demonic
                  | ancestry]
   933 | D:2      | Reached XP level 3. HP: 23/29 MP: 3/3
  2233 | D:3      | Reached skill level 1 in Shields
  2233 | D:3      | Gained mutation: You have sharp toenails. [demonic
                  | ancestry]
  2233 | D:3      | Reached XP level 4. HP: 32/35 MP: 4/4
  2248 | D:3      | Reached skill level 4 in Polearms
  2284 | D:3      | Slain by an orc

Illustrated notes

Levels and vault maps discovered:
D:1:      wander_arrival_desolate, layout_rooms, minmay_misc_feat_room
D:2:      layout_loops_ring
D:3:      layout_loops_cross, hangedman_abyss_or_decor_lesser_grid,
          minmay_misc_feat_secret_circle

Skill      XL: |  1  2  3  4 |
---------------+-------------+-----
Polearms       | 3 4 |  4.4
Shields        | 1 |  1.2
Fighting       | |  3.3
Dodging        | |  2.8
Stealth        | |  1.8

Action                   |  1- 3 |  4- 6 || total
-------------------------+-------+-------++-------
Melee: Spear             |    92 |       ||    92
       Trident           |    82 |    24 ||   106
       Kick              |       |     4 ||     4
  Use: Scroll            |     5 |       ||     5
       Potion            |       |     1 ||     1
Armor: Chain mail        |    68 |    20 ||    88
       Robe              |     1 |       ||     1
Dodge: Dodged            |    35 |     7 ||    42
Block: Buckler           |    18 |    10 ||    28
